 Dungeon Crawl Stone Soup version 0.17.1-3-g152610e (webtiles) character file.

180 Gargoyl the Skirmisher (level 5, -2/42 HPs)
             Began as a Demonspawn Abyssal Knight on Mar 10, 2016.
             Was a Follower of Lugonu.
             Slain by Sarmenti's ghost (4 damage)
             ... on level 3 of the Dungeon.
             The game lasted 00:04:51 (2988 turns).

Gargoyl the Skirmisher (Demonspawn Abyssal Knight)  Turns: 2988, Time: 00:04:52

Health: -2/42      AC: 17    Str: 12 (13) XL:     5   Next: 33%
Magic:  7/7        EV:  3    Int: 14      God:    Lugonu [*.....]
Gold:   132        SH:  0    Dex: 12      Spells: 0 memorised, 4 levels left

rFire  . . .     SeeInvis .     p - +1 hand axe (chop)
rCold  . . .     Clarity  .     n - +0 plate armour
rNeg   . . .     SustAt   .     (no shield)
rPois  +         Gourm    .     (no helmet)
rElec  .         Spirit   .     r - +2 cloak
rCorr  .         Warding  .     u - +0 pair of gloves (curse)
rMut   .         Stasis   .     (no boots)
MR     .....                    (no amulet)
Stlth  ..........               (no ring)
                                b - ring of poison resistance

@: not resistant to hostile enchantments, extremely unstealthy
A: talons 1, thin metallic scales 1
a: Depart the Abyss, Renounce Religion


You were on level 3 of the Dungeon.
You worshipped Lugonu.
Lugonu was aware of your devotion.
You were not hungry.

You visited 1 branch of the dungeon, and saw 3 of its levels.
You visited the Abyss 1 time.

You collected 132 gold pieces.

Inventory:

Hand Weapons
 p - a +1 hand axe of chopping (weapon)
 q - a +0 flail
Armour
 n - a +0 plate armour (worn)
 r - a +2 cloak (worn)
 u - a cursed +0 pair of gloves (worn)
Jewellery
 b - a ring of poison resistance (left hand)
Scrolls
 a - a scroll of immolation {unknown}
 d - a scroll of recharging {unknown}
 e - 3 scrolls of remove curse {unknown}
 f - 2 scrolls of identify {unknown}
 h - a scroll of blinking {unknown}
 i - a scroll of fear {unknown}
 j - 2 scrolls of fog {unknown}
 k - 2 scrolls of noise {unknown}
 m - a scroll of enchant armour {unknown}
 o - a scroll of magic mapping {unknown}
 s - a scroll of amnesia {unknown}
Comestibles
 c - a bread ration
 l - 2 meat rations
 t - 2 chunks of flesh


   Skills:
 + Level 4.1 Fighting
 + Level 2.8 Axes
 + Level 3.1 Armour
 + Level 1.0 Dodging
 + Level 3.7 Invocations


You had 4 spell levels left.
You didn't know any spells.

Dungeon Overview and Level Annotations

Branches:
Dungeon (3/15)

Altars:
Cheibriados
Xom

Annotations:
D:3 Sarmenti's ghost, amateur NaFi


Innate Abilities, Weirdness & Mutations

You have sharp toenails.
You are partially covered in thin metallic scales (AC +2).


Message History

Sarmenti's ghost is severely damaged.
Sarmenti's ghost hits you but does no damage.
You hit Sarmenti's ghost but do no damage.
You claw Sarmenti's ghost, but do no damage.
Sarmenti's ghost is severely damaged.
Sarmenti's ghost hits you!
* * * LOW HITPOINT WARNING * * *
Drink which item? (? for menu, Esc to quit)
It was a potion of degeneration.
There was something very wrong with that liquid.
You feel weakened. Sarmenti's ghost hits you!
* * * LOW HITPOINT WARNING * * *
You hit Sarmenti's ghost.
You claw Sarmenti's ghost, but do no damage.
Sarmenti's ghost is almost destroyed.
Sarmenti's ghost hits you.
* * * LOW HITPOINT WARNING * * *
Sarmenti's ghost hits you.
You die...

#.......#
#.#...#.##..
#........'..
#.#...#.##..
#.#..##.#
#.#.###.#
#.......#
###.#####
#@#
#.W.....#
#.#####.#
#.. #.# #.#
#.# #..


You could see Sarmenti's ghost.

Vanquished Creatures
  Crazy Yiuf (D:2)
  A worker ant (D:3)
  3 gnolls (D:2)
  6 adders
  2 worms (D:2)
  A giant gecko (D:1)
  5 bats
  3 giant cockroaches
  2 goblins
  3 hobgoblins
  2 jackals (D:1)
  2 quokkas (D:2)
  2 giant newts (D:1)
  2 kobolds
  8 rats
43 creatures vanquished.

Notes
Turn   | Place    | Note
--------------------------------------------------------------
     0 | Abyss:1  | Gargoyl the Demonspawn Abyssal Knight began the quest for the Orb.
     0 | Abyss:1  | Reached XP level 1. HP: 18/18 MP: 2/2
    33 | Abyss:1  | Noticed a smoke demon
    34 | Abyss:1  | Noticed a large abomination
    36 | D:1      | Escaped the Abyss
   227 | D:1      | Reached * piety under Lugonu
   381 | D:1      | Gained mutation: You are partially covered in thin metallic scales (AC +2). [demonic ancestry]
   381 | D:1      | Reached XP level 2. HP: 24/24 MP: 4/4
   854 | D:2      | Gained mutation: You have sharp toenails. [demonic ancestry]
   854 | D:2      | Reached XP level 3. HP: 15/29 MP: 5/5
  1393 | D:2      | Found a shimmering altar of Xom.
  1495 | D:2      | Paralysed by a gnoll for 7 turns
  1505 | D:2      | Reached XP level 4. HP: 30/37 MP: 6/6
  1771 | D:2      | Found a snail-covered altar of Cheibriados.
  1872 | D:2      | Noticed Crazy Yiuf
  1880 | D:2      | Killed Crazy Yiuf
  2047 | D:2      | Reached skill level 1 in Dodging
  2141 | D:2      | Reached skill level 4 in Fighting
  2360 | D:3      | Reached XP level 5. HP: 42/42 MP: 7/7
  2972 | D:3      | Noticed Sarmenti's ghost (amateur NaFi)
  2988 | D:3      | HP: 2/42 [Sarmenti's ghost (2)]
  2988 | D:3      | Slain by Sarmenti's ghost

Action                   |  1- 3 |  4- 6 || total
-------------------------+-------+-------++-------
Melee: Hand axe          |   107 |   107 ||   214
Invok: Depart the Abyss  |     1 |       ||     1
  Use: Potion            |       |     1 ||     1
  Eat: Chunk             |     2 |     3 ||     5
       Bread ration      |       |     1 ||     1
